 Dungeon Crawl Stone Soup version 0.23-a0-33-g1e3a2e4e2f (webtiles) character file.

620 LLavrengius the Changer (level 7, 0/49 HPs)
             Began as an Octopode Transmuter on Aug 5, 2018.
             Was an Initiate of Makhleb.
             Slain by a sky beast (5 damage)
             ... on level 5 of the Dungeon.
             The game lasted 00:21:54 (4887 turns).

LLavrengius the Changer (Octopode Transmuter)       Turns: 4887, Time: 00:21:56

Health: 0/49       AC:  1    Str:  9    XL:     7   Next: 46%
Magic:  4/10       EV: 13    Int: 17    God:    Makhleb [......]
Gold:   274        SH:  0    Dex: 13    Spells: 3/10 levels left

rFire    + . .     SeeInvis .   q - +3 whip (elec)
rCold    x . .     Gourm    .   (no shield)
rNeg     + . .     Faith    .   (helmet restricted)
rPois    .         Spirit   .   A - amulet of rage
rElec    .         Reflect  .   d - ring of positive energy
rCorr    .         Harm     .   (no ring)
MR       .....                  o - ring of fire
Stlth    ++........             (no ring)
HPRegen  0.16/turn              (no ring)
MPRegen  0.12/turn              (no ring)
                                (no ring)
                                (no ring)

@: no status effects
A: almost no armour, stealthy swim, amphibious, 8 rings, constrict 8, camouflage
1, gelatinous body 1
a: Renounce Religion, Evoke Berserk Rage


You were on level 5 of the Dungeon.
You worshipped Makhleb.
Makhleb was noncommittal.
You were hungry.

You visited 2 branches of the dungeon, and saw 6 of its levels.

You collected 274 gold pieces.

Inventory:

Hand Weapons
 q - a +3 whip of electrocution (weapon)
Missiles
 a - 60 arrows
 n - 19 sling bullets
 t - a throwing net (quivered)
 u - 41 stones
Jewellery
 d - a ring of positive energy (left tentacle)
 o - a ring of fire (on tentacle)
 A - an amulet of rage (around mantle)
Wands
 s - a wand of iceblast (11)
Scrolls
 e - 6 scrolls of identify
 f - 3 scrolls of enchant armour
 i - 3 scrolls of remove curse
 k - 2 scrolls of enchant weapon
 l - a scroll of fog {unknown}
 r - a scroll of teleportation
 w - a scroll of fear
 x - a scroll of magic mapping {unknown}
 y - a scroll of amnesia {unknown}
Potions
 b - a potion of invisibility
 g - a potion of flight {unknown}
 h - 3 potions of mutation {unknown}
 j - a potion of lignification {unknown}
 m - a potion of haste {unknown}
 p - 2 potions of brilliance {unknown}
 v - a potion of berserk rage {unknown}
Comestibles
 c - 12 rations


   Skills:
 + Level 4.6 Fighting
 - Level 2.0 Dodging
 - Level 4.0 Unarmed Combat
 - Level 2.0 Spellcasting
 + Level 5.0 Transmutations
 - Level 3.0 Ice Magic


You had 3 spell levels left.
You knew the following spells:

 Your Spells              Type           Power        Failure   Level  Hunger
a - Beastly Appendage     Tmut           ###...       2%          1    #......
b - Sticks to Snakes      Tmut           ###.....     3%          2    ###....
c - Ice Form              Ice/Tmut       ###.....     36%         4    #####..

Your spell library contained the following spells:

 Spells                   Type           Power        Failure   Level  Hunger
 Spider Form              Tmut/Pois      ##........   21%         3    ###....
 Blade Hands              Tmut           ###.......   56%         5    ######.


Dungeon Overview and Level Annotations

Branches:
Dungeon (5/15)             Temple (1/1) D:4

Altars:
Ashenzari
Cheibriados
Dithmenos
Elyvilon
Gozag
Hepliaklqana
Makhleb
Nemelex Xobeh
Okawaru
Qazlal
Ru
Sif Muna
Trog
Uskayaw
Wu Jian
Xom
Yredelemnul
Zin
The Shining One

Annotations:
D:5 1 transporter, Htamos's ghost, novice OpCj


Innate Abilities, Weirdness & Mutations

You cannot wear most types of armour.
You are very stealthy in the water. (Stealth+)
You are amphibious.
You can wear up to eight rings at the same time.
You can use your tentacles to constrict eight enemies at once.
Your skin changes colour to match your surroundings (Stealth+).
Your rubbery body absorbs attacks. (AC +1, EV +1)


Message History

The sky beast hits your adder but does no damage.
Your ball python closely misses the sky beast.
You hit the sky beast.
The sky beast is severely wounded.
Your adder closely misses the sky beast.
The sky beast barely misses you.
Your ball python closely misses the sky beast.
You hit the sky beast but do no damage.
The sky beast is severely wounded.
Your adder misses the sky beast.
Your ball python bites the sky beast.
The sky beast hits your ball python.
Your ball python dies!
Your adder misses the sky beast. You miss the sky beast.
The sky beast is almost dead.
Your adder closely misses the sky beast.
The sky beast hits you.
* * * LOW HITPOINT WARNING * * *
The sky beast shocks you.
You die...

###............)#.#..
#...........###.#.#..
#.#...._....# #^.....
#.#...[.._..# #.#.#..
#.#.........# ###.#.. #
#.#._..8....# ###.##. ...
#.#.........# #.#....
[....###.#.._..._..###.#....
......)...Y@..........>#.###
.?...###.#S#.............#
... #.#.#..##.####..#.# .
#.#.#.###.#.....#.###
#.#...#.............#
..........)..##...#.#
......#.#.#...#.#...#
........#.#.#.#......
...............


You could see a sky beast and a friendly adder.

Vanquished Creatures
  A crimson imp (D:5)
  2 hounds
  Crazy Yiuf (D:2)
  5 orc wizards
  2 orc priests (D:4)
  2 centaur skeletons
  A worker ant (D:4)
  A worker ant zombie (D:5)
  3 adders
  A dart slug (D:1)
  2 leopard geckos
  12 orcs
  7 bats
  5 giant cockroaches
  4 goblins
  8 hobgoblins
  2 jackals (D:5)
  3 quokkas
  6 frilled lizards
  9 kobolds
  2 rats (D:3)
79 creatures vanquished.

Vanquished Creatures (collateral kills)
  2 ogres (D:5)
  A shadow imp (D:5)
  An orc (D:5)
4 creatures vanquished.

Grand Total: 83 creatures vanquished

Notes
Turn   | Place    | Note
-------+----------+-------------------------------------------
     0 | D:1      | LLavrengius the Octopode Transmuter began the quest for the Orb.
     0 | D:1      | Reached XP level 1. HP: 13/13 MP: 3/3
   282 | D:1      | Reached XP level 2. HP: 18/18 MP: 5/5
   881 | D:2      | Reached XP level 3. HP: 15/24 MP: 4/6
  1453 | D:2      | Found a runed door.
  1458 | D:2      | Noticed Crazy Yiuf
  1464 | D:2      | Killed Crazy Yiuf
  1464 | D:2      | Reached skill level 3 in Transmutations
  1464 | D:2      | Reached XP level 4. HP: 21/30 MP: 5/7
  1633 | D:2      | Learned a level 2 spell: Sticks to Snakes
  1638 | D:2      | Learned a level 4 spell: Ice Form
  2588 | D:4      | Reached XP level 5. HP: 35/35 MP: 8/8
  2597 | D:4      | Reached skill level 1 in Ice Magic
  2958 | D:4      | Reached XP level 6. HP: 38/42 MP: 9/9
  2967 | D:4      | Found a staircase to the Ecumenical Temple.
  2976 | Temple   | Entered the Ecumenical Temple
  3226 | Temple   | Became a worshipper of Makhleb the Destroyer
  3554 | D:4      | Reached skill level 4 in Transmutations
  4179 | D:5      | Entered Level 5 of the Dungeon
  4200 | D:5      | Found a transporter.
  4200 | D:5      | Noticed Htamos's ghost (novice OpCj)
  4278 | D:5      | Reached XP level 7. HP: 8/48 MP: 3/10
  4683 | D:5      | Found a stormy altar of Qazlal.
  4815 | D:5      | Found a glowing silver altar of Zin.
  4840 | D:5      | Found a snail-covered altar of Cheibriados.
  4842 | D:5      | Found a sacrificial altar of Ru.
  4843 | D:5      | Found a white marble altar of Elyvilon.
  4863 | D:5      | Reached skill level 5 in Transmutations
  4887 | D:5      | Slain by a sky beast

Vault maps used:
D:1:      dpeg_arrival_arbitrary_a
D:2:      nicolae_overflow_hidden_temple, corner_web_ring,
          uniq_crazy_yiuf_cottage
D:4:      temple_doors_e, first_ration
D:5:      grunt_temple_overflow_open, gammafunk_ghost_arena, bloody_trog
Temple:   minmay_temple_curvy_branch

Skill      XL: |  1  2  3  4  5  6  7 |
---------------+----------------------+-----
Fighting       | 2 3 4 |  4.6
Transmutations | 3 4 5 |  5.0
Unarmed Combat | 4 |  4.0
Ice Magic      | 1 3 |  3.0
Dodging        | |  2.0
Spellcasting   | |  2.0

Action                   |  1- 3 |  4- 6 |  7- 9 || total
-------------------------+-------+-------+-------++-------
Melee: Unarmed           |    72 |    37 |       ||   109
       Constrict         |    19 |    29 |     4 ||    52
       Tentacles         |    11 |    15 |     3 ||    29
       Punch             |     3 |     2 |       ||     5
       Kick              |     8 |    19 |     8 ||    35
       Whip              |       |    56 |    35 ||    91
Throw: Throwing net      |       |     1 |       ||     1
 Cast: Beastly Appendage |     6 |    20 |     6 ||    32
       Sticks to Snakes  |       |     3 |    10 ||    13
  Use: Scroll            |       |     7 |     1 ||     8
 Stab: Sleeping          |       |     7 |       ||     7
       Distracted        |       |       |     1 ||     1
  Eat: Chunk             |     2 |     9 |     2 ||    13
Armor: Skin              |    11 |     6 |     1 ||    18
Dodge: Dodged            |    56 |    42 |    16 ||   114

Table legend:
 A = Spawn XP
 B = Non-spawn XP
 C = Spawn XP percentage of total XP
 D = Spawn monster count
 E = Non-spawn monster count
 F = Spawn count percentage of total count
 G = Total turns spent on level
                    A         B        C        D         E        F      G
               +---------+---------+-------+---------+---------+-------+---------
         Total |       0 |     886 |   0.0 |       0 |      83 |   0.0 |  4887
               +---------+---------+-------+---------+---------+-------+---------
           D:1 |       0 |      26 |   0.0 |       0 |      14 |   0.0 |   863
           D:2 |       0 |      88 |   0.0 |       0 |      14 |   0.0 |  1066
           D:3 |       0 |      52 |   0.0 |       0 |      21 |   0.0 |   862
           D:4 |       0 |     342 |   0.0 |       0 |      17 |   0.0 |  1112
           D:5 |       0 |     378 |   0.0 |       0 |      17 |   0.0 |   708
               +---------+---------+-------+---------+---------+-------+---------
